 Dungeon Crawl Stone Soup version 0.25.1-2-g60ff931df9 (webtiles) character file.

Game seed: 17003447759184574679

465 MisterFreud the Chiller (level 6, -2/41 HPs)
             Began as a Demonspawn Ice Elementalist on Aug 13, 2020.
             Slain by an ogre
             ... wielding a +0 giant club
              (20 damage)
             ... on level 4 of the Dungeon.
             The game lasted 00:06:17 (3349 turns).

MisterFreud the Chiller (DsIE)                      Turns: 3349, Time: 00:06:18

Health: -2/41      AC:  5    Str:  8    XL:     6   Next: 80%
Magic:  10/12      EV: 12    Int: 18    God:
Gold:   172        SH:  0    Dex: 14    Spells: 9/13 levels left

rFire    . . .     SeeInvis .   i - +0 dagger
rCold    . . .     Gourm    .   (no shield)
rNeg     . . .     Faith    .   a - +0 robe
rPois    .         Spirit   .   (helmet restricted)
rElec    .         Reflect  .   v - +2 cloak
rCorr    .         Harm     .   (no gloves)
MR       .....                  (no boots)
Stlth    ++........             e - amulet of regeneration
HPRegen  0.53/turn              (no ring)
MPRegen  0.13/turn              (no ring)

@: no status effects
A: antennae 1, talons 1, spiny 1
a: no special abilities


You were on level 4 of the Dungeon.
You were not hungry.

You visited 1 branch of the dungeon, and saw 4 of its levels.

You collected 172 gold pieces.

Inventory:

Hand Weapons
 i - a +0 dagger (weapon)
Missiles
 d - 2 javelins (quivered)
 o - 11 poisoned darts
 t - 3 curare-tipped darts
 u - 12 boomerangs
Armour
 a - a +0 robe (worn)
 f - a +2 helmet
 m - a +0 buckler
 v - a +2 cloak (worn)
Jewellery
 e - an amulet of regeneration (around neck)
Scrolls
 g - 4 scrolls of identify {unknown}
 h - a scroll of magic mapping {unknown}
 j - 4 scrolls of teleportation {unknown}
 l - a scroll of blinking {unknown}
 n - 2 scrolls of fear {unknown}
 q - 2 scrolls of amnesia {unknown}
Potions
 b - a potion of stabbing {unknown}
 k - a potion of magic {unknown}
 r - a potion of mutation {unknown}
 s - a potion of heal wounds {unknown}
 w - a potion of invisibility {unknown}
Comestibles
 c - 6 rations
 p - 7 chunks of flesh


   Skills:
 - Level 1.7 Dodging
 - Level 1.7 Stealth
 + Level 2.5 Unarmed Combat
 - Level 4.0 Spellcasting
 - Level 6.0 Ice Magic


You had 9 spell levels left.
You knew the following spells:

 Your Spells              Type           Power        Failure   Level  Hunger
a - Freeze                Ice            ####         1%          1    None
b - Frozen Ramparts       Ice            ####..       3%          3    ###....

Your spell library contained the following spells:

 Spells                   Type           Power        Failure   Level  Hunger
 Ozocubu's Armour         Chrm/Ice       ##......     13%         3    ###....
 Hailstorm                Conj/Ice       ##......     38%         4    ####...
 Summon Ice Beast         Ice/Summ       ##......     38%         4    ####...


Dungeon Overview and Level Annotations

Branches:
Dungeon (4/15)
 Temple: D:4-7

Altars:
Vehumet
Zin


Innate Abilities, Weirdness & Mutations

You have a pair of small antennae on your head.
You have sharp toenails.
You are partially covered in sharp spines.


Message History

The walls around you are covered in ice.
The wall freezes the ogre. x2
The wall freezes the ogre.
You hit the ogre.
The ogre is moderately wounded.
The wall freezes the ogre.
The ogre hits you with a +0 giant club!!
Ouch! That really hurt!
You hit the ogre.
The ogre is heavily wounded.
The wall freezes the ogre.
The ogre closely misses you.
You hit the ogre but do no damage.
The ogre is heavily wounded.
The wall freezes the ogre.
The ogre is struck by your spines. The ogre barely misses you.
You hit the ogre but do no damage. You claw the ogre.
The ogre is almost dead.
The frozen ramparts melt away.
The ogre is struck by your spines.
The ogre hits you with a +0 giant club!!
You die...

....... # ....... #.
....... #. .......
.. ..... .# ... .#
#.##.####.# # #...
#......O@.#..# #....
#####........#
##....# ####
###.##...+ #..)...
#..## #..#...##
#..... ##..##
#.##.#.# #.....
#...##### #.##.#.###
#.....
#.......###........#
#.....
##.................#
##.....
###......>..#.#####
#......


You could see an ogre.

Vanquished Creatures
  An orc warrior (D:3)
  An ogre (D:4)
  An orc priest (D:3)
  An orc wizard (D:3)
  An iguana (D:4)
  A worker ant (D:4)
  A hound skeleton (D:4)
  5 adders
  2 worms
  A dart slug (D:3)
  A leopard gecko (D:2)
  19 orcs
  2 ball pythons
  7 bats
  14 giant cockroaches
  3 goblins
  9 hobgoblins
  3 jackals (D:2)
  8 kobolds
  A quokka (D:3)
  8 frilled lizards
  A jackal skeleton (D:4)
  A quokka zombie (D:3)
  4 rats
96 creatures vanquished.

Notes
Turn   | Place    | Note
-------+----------+-------------------------------------------
     0 | D:1      | MisterFreud the Demonspawn Ice Elementalist began the quest
                  | for the Orb.
     0 | D:1      | Reached XP level 1. HP: 13/13 MP: 3/3
   375 | D:1      | Reached skill level 4 in Ice Magic
   387 | D:1      | Gained mutation: You are partially covered in sharp spines.
                  | [demonic ancestry]
   387 | D:1      | Reached XP level 2. HP: 19/19 MP: 1/5
  1112 | D:2      | Reached XP level 3. HP: 24/24 MP: 6/6
  1117 | D:2      | Learned a level 3 spell: Frozen Ramparts
  1289 | D:2      | Found a glowing silver altar of Zin.
  1608 | D:2      | Reached skill level 5 in Ice Magic
  1771 | D:2      | Gained mutation: You have sharp toenails. [demonic
                  | ancestry]
  1771 | D:2      | Reached XP level 4. HP: 30/30 MP: 3/7
  1853 | D:2      | Found a radiant altar of Vehumet.
  2444 | D:3      | Noticed an orc warrior
  2456 | D:3      | Gained mutation: You have a pair of small antennae on your
                  | head. [demonic ancestry]
  2456 | D:3      | Reached XP level 5. HP: 35/35 MP: 4/9
  2458 | D:3      | Killed an orc warrior
  2477 | D:3      | Reached XP level 6. HP: 41/41 MP: 0/11
  2673 | D:3      | Reached skill level 6 in Ice Magic
  3148 | D:4      | Reached skill level 1 in Unarmed Combat
  3349 | D:4      | Slain by an ogre

Illustrated notes

Levels and vault maps discovered:
D:1:      roderic_crossed_star, layout_basic
D:2:      layout_basic, overflow_temple_1_default, zin_scriptorium
D:3:      minmay_roachtagon, layout_basic
D:4:      layout_rooms, gammafunk_temple_overflow_pools, first_ration

Skill      XL: |  1  2  3  4  5  6 |
---------------+-------------------+-----
Ice Magic      | 4 5 6 |  6.0
Spellcasting   | 3 4 |  4.0
Unarmed Combat | 2 |  2.5
Dodging        | |  1.7
Stealth        | |  1.7

Action                   |  1- 3 |  4- 6 || total
-------------------------+-------+-------++-------
Melee: Dagger            |    16 |    65 ||    81
       Kick              |       |    16 ||    16
 Cast: Freeze            |    26 |     5 ||    31
       Frozen Ramparts   |     5 |    13 ||    18
  Use: Scroll            |     1 |       ||     1
 Stab: Sleeping          |     6 |     5 ||    11
  Eat: Chunk             |     3 |     7 ||    10
Armor: Robe              |    16 |    16 ||    32
Dodge: Dodged            |    21 |    43 ||    64
